 Dungeon Crawl Stone Soup version 0.29-a0-96-g93358da72b (webtiles) character file.

Game seed: 10222326770497456521

18 Grim the Slasher (level 2, 0/26 HPs)
             Began as a Minotaur Fighter on Feb 13, 2022.
             Killed from afar by Terence (5 damage)
             ... with a puff of flame
             ... on level 2 of the Dungeon.
             The game lasted 00:00:55 (504 turns).

Grim the Slasher (Minotaur Fighter)                  Turns: 504, Time: 00:00:56

Health: 0/26       AC:  6    Str: 20    XL:     2   Next: 48%
Magic:  1/1        EV:  9    Int:  5    God:
Gold:   49         SH:  4    Dex:  9    Spells: 1/1 levels left

rFire   . . .      SeeInvis .   a - +0 long sword
rCold   . . .      Faith    .   c - +0 buckler
rNeg    . . .      Spirit   .   b - +0 scale mail
rPois   .          Reflect  .   (helmet restricted)
rElec   .          Harm     .   (no cloak)
rCorr   .          Rampage  .   (no gloves)
Will    .....                   (no boots)
Stlth   ..........              (no amulet)
HPRegen 0.08/turn               (no ring)
MPRegen 0.07/turn               (no ring)

@: no status effects
A: horns 2, retaliatory headbutt
a: no special abilities


You were on level 2 of the Dungeon.
You visited 1 branch of the dungeon, and saw 2 of its levels.

You collected 49 gold pieces.

Inventory:

Hand Weapons
 a - a +0 long sword (weapon)
Armour
 b - a +0 scale mail (worn)
 c - a +0 buckler (worn)
Wands
 i - a wand of digging (1)
Scrolls
 f - 2 scrolls of identify {unknown}
 g - 2 scrolls of enchant armour {unknown}
 h - a scroll of magic mapping {unknown}
Potions
 d - a potion of might
 e - a potion of curing {unknown}


   Skills:
 - Level 3.6 Fighting
 + Level 3.9 Long Blades
 - Level 3.6 Armour
 - Level 3.6 Shields


You had one spell level left.
You didn't know any spells.
Your spell library was empty.

Dungeon Overview and Level Annotations

Branches:
Dungeon (2/15)

Altars:

Annotations:
D:2 Terence


Innate Abilities, Weirdness & Mutations

You have a pair of horns on your head.
You reflexively headbutt those who attack you in melee.


Message History

* * * LOW HITPOINT WARNING * * *
You are too injured to fight recklessly!
You are too injured to fight recklessly!
You hit Terence but do no damage. You headbutt Terence.
Terence is lightly wounded.
Terence barely misses you. You furiously retaliate!
You headbutt Terence. Terence hits you with a +0 falchion.
* * * LOW HITPOINT WARNING * * *
You hit Terence. Your headbutt misses Terence.
Terence is moderately wounded.
Terence closely misses you.
You hit Terence. You headbutt Terence.
Terence is severely wounded.
Terence completely misses you.
You barely miss Terence. Your headbutt misses Terence.
Terence is severely wounded.
Terence hits you with a +0 falchion.
* * * LOW HITPOINT WARNING * * *
You block the frilled lizard's attack.
You closely miss Terence.
Terence is severely wounded.
Terence zaps a wand.
The puff of flame misses you. You block the frilled lizard's attack.
Terence closely misses you.
You hit Terence but do no damage. You headbutt Terence.
Terence is almost dead.
The frilled lizard bites you but does no damage.
Terence zaps a wand.
The puff of flame misses you.
You barely miss Terence.
Terence is almost dead.
The frilled lizard barely misses you. Terence says, "How do you enjoy it?"
Terence barely misses you. The frilled lizard closely misses you.
You hit Terence but do no damage.
Terence is almost dead.
Terence barely misses you.
The frilled lizard bites you but does no damage.
You closely miss Terence.
Terence is almost dead.
Terence zaps a wand.
The puff of flame hits you.
You die...

#####.####
####<.#.....#
#...........#
............#
.............##...
.................#
........l@.....#..#
..(......@.....$.
.............[..#
.........>....#.#
..........##†##.#
......#...#.....#
..............###
..##...........##
..#....<........##
.................#


You could see Terence and a frilled lizard.

Vanquished Creatures
  2 ball pythons (D:1)
  An endoplasm (D:1)
  A giant cockroach (D:2)
  A hobgoblin (D:1)
  3 bats
  2 frilled lizards (D:1)
  5 goblins
  2 rats
17 creatures vanquished.

Notes
Turn   | Place    | Note
-------+----------+-------------------------------------------
     0 | D:1      | Grim the Minotaur Fighter began the quest for the Orb.
     0 | D:1      | Reached XP level 1. HP: 19/19 MP: 0/0
   117 | D:1      | Found a faded altar of an unknown god.
   213 | D:1      | Reached XP level 2. HP: 23/26 MP: 1/1
   489 | D:2      | Noticed Terence
   504 | D:2      | Killed from afar by Terence

Illustrated notes

Levels and vault maps discovered:
D:1:      zaba_arrival_water, layout_rooms, ebering_ecumenical_altar_mist
D:2:      minmay_general_purpose_star, layout_rooms, uniq_terence

Skill      XL: |  1 |
---------------+----+-----
Long Blades    | 3 |  3.9
Fighting       | |  3.6
Armour         | |  3.6
Shields        | |  3.6

Action                   || total
-------------------------++-------
Melee: Long sword        ||    44
       Headbutt          ||     6
Armor: Scale mail        ||    15
Dodge: Dodged            ||    22
Block: Buckler           ||    12

Table legend: (Time is in decaauts)
 A = Elapsed time spent in this place.
 B = Non-inter-level travel time spent in this place.
 C = Inter-level travel time spent in this place.
 D = Time resting spent in this place.
 E = Time spent auto-exploring this place.
 F = Levels seen in this place.
 G = Mean time per level.
                   A        B        C        D        E       F      G
               +--------+--------+--------+--------+--------+-----+--------+
         Total |    521 |    512 |      9 |      0 |    404 |   2 |  260.5 |
       Dungeon |    521 |    512 |      9 |      0 |    404 |   2 |  260.5 |
               +--------+--------+--------+--------+--------+-----+--------+

Top non-repeatable levels by time:
     D:1: 472 daAuts
     D:2: 49 daAuts
